 Dungeon Crawl Stone Soup version 0.18.1-50-g88ac8fd (webtiles) character file.

422 magog001 the Ducker (level 6, -2/28 HPs)
             Began as a Spriggan Earth Elementalist on May 21, 2017.
             Slain by a slave (5 damage)
             ... led by Pikel
             ... on level 3 of the Dungeon.
             The game lasted 00:36:16 (4386 turns).

magog001 the Ducker (Spriggan Earth Elementalist)   Turns: 4386, Time: 00:36:17

Health: -2/28      AC:  5    Str:  4    XL:     6   Next: 63%
Magic:  12/12      EV: 21    Int: 18    God:
Gold:   290        SH:  0    Dex: 17    Spells: 3 memorised, 6 levels left

rFire  . . .     SeeInvis +     j - +3 mace (crush)
rCold  . . .     Gourm    .     a - +1 robe
rNeg   . . .     Faith    .     (shield restricted)
rPois  .         Spirit   .     (helmet restricted)
rElec  +         Dismiss  .     e - +1 cloak {+Inv}
rCorr  .         Reflect  .     (gloves unavailable)
SustAt .         Harm     .     (boots unavailable)
MR     +....                    (no amulet)
Stlth  +++.......               (no ring)
                                (no ring)

@: very quick, somewhat resistant to hostile enchantments, fairly stealthy
A: unfitting armour, see invisible, herbivore 3, speed 3, electricity
resistance, slow metabolism 2
a: Evoke Invisibility


You were on level 3 of the Dungeon.
You were hungry.

You visited 1 branch of the dungeon, and saw 4 of its levels.

You collected 290 gold pieces.

Inventory:

Hand Weapons
 j - a +3 mace of crushing (weapon)
 t - a +1 dagger of venom
Missiles
 b - 140 stones (quivered)
 i - 15 poisoned needles
 p - 60 sling bullets
Armour
 a - a +1 robe (worn)
 e - a +1 cloak of invisibility (worn)
Scrolls
 f - a scroll of fog {unknown}
 g - a scroll of teleportation {unknown}
 k - 2 scrolls of identify
 l - a scroll of amnesia
 m - 3 scrolls of magic mapping {unknown}
 o - 2 scrolls of enchant armour
 r - a scroll of recharging {unknown}
 s - a scroll of random uselessness {unknown}
Books
 c - a book of Geomancy

   Spells                             Type                      Level
   a - Sandblast                      Earth                        1
   b - Passwall                       Transmutation/Earth          2
   c - Stone Arrow                    Conjuration/Earth            3
   d - Petrify                        Transmutation/Earth          4
   e - Lee's Rapid Deconstruction     Earth                        5
Comestibles
 d - 4 bread rations
 h - 4 fruits


   Skills:
 * Level 1.4 Short Blades
 * Level 1.1 Maces & Flails
 * Level 1.9 Throwing
 * Level 5.4 Dodging
 * Level 5.1 Stealth
 - Level 0.8 Unarmed Combat
 + Level 3.8 Spellcasting
 + Level 0.2 Conjurations
 + Level 1.8 Transmutations
 + Level 3.8 Earth Magic


You had 6 spell levels left.
You knew the following spells:

 Your Spells              Type           Power        Failure   Level  Hunger
a - Sandblast             Erth           ###...       3%          1    None
b - Passwall              Trmt/Erth      ##........   10%         2    ##.....
c - Stone Arrow           Conj/Erth      ##....       24%         3    ###....


Dungeon Overview and Level Annotations

Branches:
Dungeon (4/15)
 Temple: D:4-7

Altars:
Gozag
Sif Muna
The Shining One

Annotations:
D:4 Pikel


Innate Abilities, Weirdness & Mutations

You are tiny and cannot use many weapons and most armour.
You have supernaturally acute eyesight.
You are a herbivore.
You cover ground extremely quickly.
You need consume almost no food.
You are resistant to electric shocks.


Message History

The jackal is heavily wounded.
The jackal completely misses you. The jackal misses you.
You hit the jackal.
You kill the jackal!
You hit the slave.
The slave is moderately wounded.
The slave closely misses you. The slave hits you.
* * * LOW HITPOINT WARNING * * *
You hit the slave.
The slave is heavily wounded.
You are feeling hungry.
The slave misses you.
You hit the slave.
The slave is severely wounded.
The slave hits you.
* * * LOW HITPOINT WARNING * * *
You closely miss the slave.
The slave is severely wounded.
The slave hits you.
You die...

###########...###..........##
#.........'...'.'..........''
#.........#...###..........##
#.........#...##############.
#.........###.....#.......##.
#.........# #.###.#........'.
#.........# #.# #.#........#.
#.........###.# #.#........#.
#.........'p@.# #.#........#.
#.........##### #.#........+.
#.........#######>#.......##.
#######>†.........'.......'..
####......#.#.......###
#......#.+........#
#......###........# #......#
########.# #......# #÷#


You could see a slave.

Vanquished Creatures
  Sigmund (D:3)
  A howler monkey (D:3)
  Crazy Yiuf (D:2)
  An orc priest (D:3)
  A giant frog skeleton (D:3)
  A worker ant (D:3)
  4 adders
  An ooze (D:2)
  A dart slug (D:3)
  A giant gecko (D:1)
  7 orcs (D:3)
  11 bats
  3 giant cockroaches
  11 goblins
  6 hobgoblins
  2 jackals (D:3)
  3 quokkas
  A ball python (D:3)
  3 giant newts
  8 kobolds
  15 rats
83 creatures vanquished.

Notes
Turn   | Place    | Note
--------------------------------------------------------------
     0 | D:1      | magog001 the Spriggan Earth Elementalist began the quest for the Orb.
     0 | D:1      | Reached XP level 1. HP: 9/9 MP: 5/5
   313 | D:1      | Reached XP level 2. HP: 13/13 MP: 0/6
  1191 | D:2      | Reached XP level 3. HP: 13/16 MP: 1/8
  1734 | D:2      | Reached skill level 1 in Short Blades
  1843 | D:2      | Reached skill level 1 in Throwing
  2330 | D:1      | Reached XP level 4. HP: 20/21 MP: 4/9
  2384 | D:1      | Learned a level 1 spell: Sandblast
  2387 | D:1      | Learned a level 2 spell: Passwall
  2391 | D:1      | Learned a level 3 spell: Stone Arrow
  2473 | D:2      | Noticed Crazy Yiuf
  2522 | D:2      | Killed Crazy Yiuf
  3379 | D:3      | Noticed Sigmund
  3394 | D:3      | Killed Sigmund
  3394 | D:3      | Reached skill level 5 in Dodging
  3394 | D:3      | Reached XP level 5. HP: 22/24 MP: 1/11
  3394 | D:3      | Reached XP level 6. HP: 26/28 MP: 1/12
  3558 | D:3      | Found a glowing golden altar of the Shining One.
  3565 | D:3      | Found an opulent altar of Gozag.
  3745 | D:3      | Found a deep blue altar of Sif Muna.
  4006 | D:3      | Reached skill level 5 in Stealth
  4335 | D:4      | Noticed a slave
  4340 | D:4      | Noticed Pikel
  4350 | D:3      | Reached skill level 1 in Maces & Flails
  4353 | D:4      | Noticed a slave
  4371 | D:3      | Gained mutation: You are resistant to electric shocks. [potion of beneficial mutation]
  4386 | D:3      | Slain by a slave

Skill      XL: |  1  2  3  4  5  6 |
---------------+-------------------+-----
Spellcasting   | 3 |  3.8
Earth Magic    | 3 |  3.8
Short Blades   | 1 |  1.4
Throwing       | 1 |  1.9
Stealth        | 4 5 |  5.1
Dodging        | 5 |  5.4
Maces & Flails | 1 |  1.1
Unarmed Combat | |  0.8
Conjurations   | |  0.2
Transmutations | |  1.8

Action                   |  1- 3 |  4- 6 || total
-------------------------+-------+-------++-------
Melee: Mace              |       |   141 ||   141
       Punch             |       |     1 ||     1
Throw: Stone             |    34 |    21 ||    55
 Cast: Sandblast         |   105 |     8 ||   113
       Stone Arrow       |       |     2 ||     2
       Passwall          |       |     1 ||     1
  Use: Scroll            |       |     7 ||     7
       Potion            |       |     3 ||     3
 Stab: Sleeping          |       |     8 ||     8
  Eat: Fruit             |       |     1 ||     1
Armor: Robe              |     4 |    26 ||    30
Dodge: Dodged            |    58 |   188 ||   246
